 Dungeon Crawl Stone Soup version 0.29-a0-700-g2f1814c7b2 (webtiles) character file.

Game seed: 10273717240916445546

390 sammy202020 the Skirmisher (level 6, 50/50 HPs)
             Began as a Demonspawn Berserker on June 24, 2022.
             Was a Believer of Trog.
             Quit the game on level 4 of the Dungeon on June 25, 2022.
             The game lasted 00:06:53 (3352 turns).

sammy202020 the Skirmisher (Demonspawn Berserker)   Turns: 3352, Time: 00:06:54

Health: 50/50      AC: 10    Str: 18    XL:     6   Next: 50%
Magic:  6/6        EV: 11    Int: 12    God:    Trog [**....]
Gold:   169        SH:  0    Dex: 12    Spells: 5/5 levels left

rFire   + . .      SeeInvis .   a - +1 hand axe
rCold   . . .      Faith    .   (no shield)
rNeg    . . .      Spirit   .   q - +0 ring mail
rPois   .          Reflect  .   j - +2 helmet
rElec   .          Harm     .   (no cloak)
rCorr   +          Rampage  .   (no gloves)
Will    .....                   i - +1 pair of boots
Stlth   +.........              h - amulet of regeneration
HPRegen 0.96/turn               e - ring of resist corrosion
MPRegen 0.10/turn               x - ring of protection from fire

@: no status effects
A: claws 1, ignite blood 1, powered by death 1, big brain 1
a: Renounce Religion, Berserk, Trog's Hand


You were on level 4 of the Dungeon.
You worshipped Trog.
Trog was pleased with you.
You visited 1 branch of the dungeon, and saw 4 of its levels.

You collected 169 gold pieces.

Inventory:

Hand Weapons
 a - a +1 hand axe (weapon)
 c - a +0 hunting sling
 s - a +2 vorpal flail
Missiles
 l - 6 javelins (quivered)
Armour
 i - a +1 pair of boots (worn)
 j - a +2 helmet (worn)
 q - a +0 ring mail (worn)
Jewellery
 e - a ring of resist corrosion (left claw)
 h - an amulet of regeneration (around neck)
 n - an amulet of guardian spirit
 x - a ring of protection from fire (right claw)
Wands
 g - a wand of flame (21)
 t - a wand of polymorph (2)
Potions
 b - a potion of heal wounds
 d - 2 potions of lignification
 f - a potion of curing
 k - a potion of mutation
 m - a potion of flight {unknown}
 v - a potion of might
 z - a potion of invisibility {unknown}


   Skills:
 * Level 4.8 Fighting
 * Level 4.5 Axes
 + Level 3.0 Armour
 + Level 3.0 Dodging


You had 5 spell levels left.
You didn't know any spells.
Your spell library was empty.

Dungeon Overview and Level Annotations

Branches:
Dungeon (4/15)
 Temple: D:4-7

Altars:


Innate Abilities, Weirdness & Mutations

You have sharp fingernails.
Your demonic aura sometimes causes spilled blood to erupt in flames.
You regenerate a little health from kills.
You have an unusually large brain. (Int +2)


Message History

Your Armour skill increases to level 3!
Your Dodging skill increases to level 3!
You hit the kobold but do no damage.
The kobold is moderately wounded.
You closely miss the orc. The orc closely misses you.
The kobold hits you but does no damage.
You hit the kobold.
You kill the kobold!
Trog accepts your kill.
You hit the orc. The orc hits you but does no damage.
The orc hits you with a +0 whip.
You hit the orc.
You kill the orc!
Trog accepts your kill.
You completely miss the worm. The worm bites you!
You hit the worm.
The worm is moderately wounded.
You slash the worm!
The worm is heavily wounded.
The worm bites you.
You hit the worm.
The worm is severely wounded.
The worm bites you.
You hit the worm.
The worm is almost dead.
You hit the worm.
You kill the worm!
Trog accepts your kill.
No target in view!
No target in view!
No target in view!
No target in view!
No target in view!
No target in view!
No target in view!
Items here: )) [[ †.
Things that are here:
a +0 dagger; a worm corpse
Found a stone staircase leading down.
Are you sure you want to abandon this character and quit the game? (Confirm with "yes".)

##....>
##.....
......
.....
...##
###...###
#.......#
#.......#
#....@..#
#.......#
#.......#
#...))).#
#####)###
#.#
..##...
#†####
#.##...
#....###
#..)...
####...###
#......


There were no monsters in sight!

Vanquished Creatures
  A hound (D:4)
  An orc priest (D:4)
  Jessica (D:2)
  Natasha (thrice) (D:2)
  An orc wizard (D:4)
  Robin (D:2)
  3 adders (D:2)
  7 gnolls
  A worm (D:4)
  2 dart slugs (D:1)
  6 orcs (D:4)
  8 endoplasms
  4 giant cockroaches
  14 goblins
  10 hobgoblins
  7 jackals (D:2)
  5 kobolds
  4 quokkas (D:1)
  9 ball pythons
  2 frilled lizards (D:1)
90 creatures vanquished.

Notes
Turn   | Place    | Note
-------+----------+-------------------------------------------
     0 | D:1      | sammy202020 the Demonspawn Berserker began the quest for
                  | the Orb.
     0 | D:1      | Reached XP level 1. HP: 18/18 MP: 1/1
   367 | D:1      | Gained mutation: You have sharp fingernails. [demonic
                  | ancestry]
   367 | D:1      | Reached XP level 2. HP: 17/24 MP: 2/2
   373 | D:1      | Upgraded the game from 0.29-a0-676-ga64570c9d2 to
                  | 0.29-a0-700-g2f1814c7b2
   605 | D:1      | Found a faded altar of an unknown god.
   914 | D:1      | Gained mutation: You regenerate a little health from kills.
                  | [demonic ancestry]
   914 | D:1      | Reached XP level 3. HP: 29/29 MP: 3/3
  1396 | D:2      | Reached ** piety under Trog
  1397 | D:2      | Noticed Robin
  1420 | D:2      | Killed Robin
  1421 | D:2      | Reached XP level 4. HP: 37/37 MP: 4/4
  1575 | D:2      | Noticed Jessica
  1580 | D:2      | Killed Jessica
  1974 | D:2      | Gained mutation: You have an unusually large brain. (Int
                  | +2) [demonic ancestry]
  1974 | D:2      | Reached XP level 5. HP: 33/42 MP: 5/5
  2152 | D:2      | Noticed Natasha
  2171 | D:2      | Killed Natasha
  2370 | D:2      | Noticed Natasha
  2379 | D:2      | Killed Natasha
  2418 | D:2      | Noticed Natasha
  2439 | D:2      | Killed Natasha
  3265 | D:4      | Gained mutation: Your demonic aura sometimes causes spilled
                  | blood to erupt in flames. [demonic ancestry]
  3265 | D:4      | Reached XP level 6. HP: 39/49 MP: 6/6
  3352 | D:4      | Quit the game

Illustrated notes

Levels and vault maps discovered:
D:1:      dpeg_arrival_simpleton_b, layout_basic, ebering_ecumenical_altar_rust,
          minmay_hexomino_p4
D:2:      minmay_general_purpose_star, layout_loops_ring,
          nicolae_underground_beach, uniq_natasha, uniq_robin, uniq_jessica
D:3:      layout_loops_ring, serial_rivers, chequers_serial_rivers_room_b,
          chequers_serial_rivers_small_3, chequers_serial_rivers_small_a,
          chequers_serial_rivers_small_a, chequers_serial_rivers_room_b,
          chequers_serial_rivers_large_a
D:4:      layout_rooms, grunt_temple_overflow_order_and_chaos_2, tgw_trog,
          minmay_temple_entry_glassed_door, minmay_box_of_dots

Skill      XL: |  1  2  3  4  5  6 |
---------------+-------------------+-----
Dodging        | 2 3 |  3.0
Armour         | 2 3 |  3.0
Axes           | 3 4 |  4.5
Fighting       | 4 |  4.8

Action                   |  1- 3 |  4- 6 || total
-------------------------+-------+-------++-------
Melee: Hand axe          |   101 |   158 ||   259
       Punch             |     1 |       ||     1
       Unarmed           |       |     6 ||     6
Invok: Berserk           |     2 |     5 ||     7
       Trog's Hand       |       |     2 ||     2
  Use: Scroll            |     1 |    11 ||    12
 Stab: Sleeping          |     4 |       ||     4
       Distracted        |       |     1 ||     1
Armor: Animal skin       |    24 |    11 ||    35
       Ring mail         |       |    52 ||    52
Dodge: Dodged            |    78 |   104 ||   182

Table legend: (Time is in decaauts)
 A = Elapsed time spent in this place.
 B = Non-inter-level travel time spent in this place.
 C = Inter-level travel time spent in this place.
 D = Time resting spent in this place.
 E = Time spent auto-exploring this place.
 F = Levels seen in this place.
 G = Mean time per level.
                   A        B        C        D        E       F      G
               +--------+--------+--------+--------+--------+-----+--------+
         Total |   3487 |   3487 |      0 |     27 |   2732 |   4 |  871.8 |
       Dungeon |   3487 |   3487 |      0 |     27 |   2732 |   4 |  871.8 |
               +--------+--------+--------+--------+--------+-----+--------+

Top non-repeatable levels by time:
     D:1: 1414 daAuts
     D:2: 1136 daAuts
     D:3: 821 daAuts
     D:4: 115 daAuts
